 Dungeon Crawl Stone Soup version 0.18-a0-1027-g814d7dd (webtiles) character file.

96 Reinor the Sneak (level 4, -8/33 HPs)
             Began as a Vampire Assassin on Jan 8, 2016.
             Mangled by Arkorax's ghost (13 damage)
             ... on level 3 of the Dungeon.
             The game lasted 00:09:57 (2346 turns).

Reinor the Sneak (Vampire Assassin)                 Turns: 2346, Time: 00:09:58

Health: -8/33      AC:  4    Str: 10    XL:     4   Next: 41%
Magic:  4/4        EV:  7    Int: 13    God:
Gold:   151        SH:  0    Dex: 16    Spells: 0 memorised, 3 levels left

rFire  . . .     SeeInvis +     a - +3 dagger
rCold  . . .     Gourm    .     c - +0 robe
rNeg   + . .     Faith    .     (no shield)
rPois  .         Spirit   .     (no helmet)
rElec  .         Dismiss  .     d - +1 cloak
rCorr  .         Reflect  .     (no gloves)
SustAt .         Harm     .     (no boots)
MR     .....                    (no amulet)
Stlth  ++++......               (no ring)
                                (no ring)

@: not resistant to hostile enchantments, stealthy
A: fangs 3, see invisible, unbreathing
a: Bat Form


You were on level 3 of the Dungeon.
You were not thirsty.

You visited 1 branch of the dungeon, and saw 3 of its levels.

You collected 151 gold pieces.

Inventory:

Hand Weapons
 a - a +3 dagger (weapon)
 b - a +0 blowgun
Missiles
 e - 8 poisoned needles
 f - 2 curare-tipped needles
Armour
 c - a +0 robe (worn)
 d - a +1 cloak (worn)
 m - a +0 shield
Wands
 o - a wand of slowing (25/48)
Scrolls
 j - 2 scrolls of enchant weapon
 n - a scroll of fear
Potions
 i - a potion of lignification {unknown}
 k - a potion of agility {unknown}
 l - a potion of poison {unknown}


   Skills:
 - Level 1.7 Fighting
 + Level 4.4 Short Blades
 - Level 1.5 Throwing
 - Level 1.1 Dodging
 - Level 7.0 Stealth


You had 3 spell levels left.
You didn't know any spells.

Dungeon Overview and Level Annotations

Branches:
Dungeon (3/15)

Altars:
Kikubaaqudgha

Annotations:
D:3 Arkorax's ghost, amateur TrMo


Innate Abilities, Weirdness & Mutations

You have razor-sharp teeth.
You have supernaturally acute eyesight.
You can survive without breathing.


Message History

Identify which item? (\ to view known items) (? for menu, Esc to quit)
As you read the scroll of identify, it crumbles to dust.
o - a wand of slowing (26/48) That item cannot be evoked!
Evoke which item? (* to show all) (? for menu, Esc to quit)
Zapping:
o - a wand of slowing (26/48)
Press: ? - help, Shift-Dir - straight line, f - Arkorax's ghost
Aim: Arkorax's ghost (chance to defeat MR: 34%) Arkorax's ghost easily resists.
This wand has 25 charges left.
Your potion of blood rots away.
Arkorax's ghost says, "I break bones and crack skulls... with my bare hands."
There is a stone staircase leading up here.
Arkorax's ghost hits you!!
Ouch! That really hurt!
* * * LOW HITPOINT WARNING * * *
You see here a club.
Arkorax's ghost hits you.
* * * LOW HITPOINT WARNING * * *
There is a stone staircase leading up here.
Arkorax's ghost hits you!
You die...

#.# #.# #.#
#.# ##.######.
#####.........
#..)...######
#.####...# #.#
###@# #.# #W#
#.# #.#
#.######.# #.#
#........# #.#
#######..# #.#
#..# #.# #..#
#.#
#..######.#


You could see Arkorax's ghost.

Vanquished Creatures
  2 adders
  3 oozes
  An adder zombie (D:2)
  3 worms
  3 giant geckos
  An orc (D:3)
  2 giant cockroaches
  5 goblins
  5 hobgoblins
  3 kobolds (D:1)
  3 quokkas (D:2)
  4 bats
  A giant gecko skeleton (D:2)
  4 giant newts
  14 rats
54 creatures vanquished.

Notes
Turn   | Place    | Note
--------------------------------------------------------------
     0 | D:1      | Reinor the Vampire Assassin began the quest for the Orb.
     0 | D:1      | Reached XP level 1. HP: 16/16 MP: 1/1
    33 | D:1      | Reached skill level 6 in Stealth
   176 | D:1      | Reached XP level 2. HP: 22/22 MP: 2/2
   301 | D:1      | Reached skill level 7 in Stealth
   743 | D:2      | Reached XP level 3. HP: 27/27 MP: 3/3
   853 | D:2      | Found an ancient bone altar of Kikubaaqudgha.
  1567 | D:2      | Reached XP level 4. HP: 33/33 MP: 4/4
  1758 | D:3      | Noticed Arkorax's ghost (amateur TrMo)
  2346 | D:3      | Mangled by Arkorax's ghost

Vault maps used:
D:1:      minmay_arrival_jagged, minmay_rat_gold_closets
D:2:      overflow_temple_1_default, serial_undead, serial_undead_a,
          serial_undead_d, serial_undead_e, serial_undead_f,
          hangedman_glass_teeth

Action                   |  1- 3 |  4- 6 || total
-------------------------+-------+-------++-------
Melee: Dagger            |    93 |    39 ||   132
Evoke: Wand              |       |     1 ||     1
  Use: Scroll            |     6 |     2 ||     8
       Potion            |       |     1 ||     1
 Stab: Sleeping          |    20 |     5 ||    25
       Distracted        |     1 |       ||     1
  Eat: Corpse            |     7 |     1 ||     8
